Staline vs Inferno

Created - January 10, 2019 at 19:45

Goals
1 2 3 T
Staline 2 2 1 5
Inferno 0 1 2 3
Shots
1 2 3 T
Staline 11 9 17 37
Inferno 14 8 17 39

1st period

1. Staline , Jordan Szwarz 14 (Corey Trivino 19) at 11:39
2. Staline , Tyler Pitlick 11 (Marek Zagrapan 10) at 17:02

Penalties :
Greg Pateryn (Anc) for Interference (Minor) at 17:30

2nd period

3. Staline , Peter Holland 6 (Mike Reilly 12, Jordan Szwarz 14) at 3:53
4. Staline , Peter Holland 7 (Alex Petrovic 16, Philip Larsen 13) at 10:40
5. Inferno , Matthew Nieto 11 (Vladimir Sobotka 23) at 12:38 (SH)

Penalties :
Greg Pateryn (Anc) for Tripping (Minor) at 0:07, Christian Folin (Anc) for Slashing (Minor) at 8:14, Bryan Rust (Anc) for Tripping (Minor) at 11:43

3rd period

6. Inferno , Anders Lee 7 (David Savard 19, Oliver Bjorkstrand 3) at 3:09 (PP)
7. Inferno , Oliver Bjorkstrand 5 (Esa Lindell 25, Simon Danis-Pepin 5) at 9:49
8. Staline , Mike Reilly 3 (Marek Zagrapan 11, Jiri Sekac 10) at 15:08

Penalties :
Nick Spaling (StJ) for Roughing (Minor) at 2:30, Jordan Szwarz (StJ) for Holding (Minor) at 3:35, Greg Pateryn (Anc) for High sticking (Minor) at 6:19, Brian Dumoulin (StJ) for Hooking (Minor) at 10:32

Goalie Stats

Joni Ortio (StJ), 36 saves from 39 shots - (0.923), W, 12-5-1, 60:00 minutes
Christopher Gibson (Anc), 10 saves from 14 shots - (0.714), L, 12-10-2, 30:40 minutes
Michael Hutchinson (Anc), 22 saves from 23 shots - (0.957), 29:20 minutes

Players Stats for Staline

Player Name              G  A  P  +/- PIM S  H  SB GA TA FO     MP     PP MP  PK MP  
------------------------------------------------------------------------------------
Alex Petrovic            0  1  1   2  0   1  0  3  0  0  0/0    19:21   0:00   2:35 
Barclay Goodrow          0  0  0   2  0   0  1  0  0  0  0/1     7:33   0:00   0:00 
Brian Dumoulin           0  0  0  -1  2   0  1  0  1  1  0/0    23:11   5:33   0:00 
Bryan Bickell            0  0  0   0  0   2  2  0  0  1  0/0    16:40   4:23   1:25 
Cameron Gaunce           0  0  0  -1  0   2  2  4  0  2  0/0    27:25   5:33   2:35 
Corey Trivino            0  1  1   0  0   5  0  0  0  1  7/12   17:21   4:23   2:42 
Jason Akeson             0  0  0  -1  0   2  2  0  0  1  0/3    21:19   5:30   0:56 
Jiri Sekac               0  1  1   2  0   0  0  0  0  0  0/0    12:01   0:02   0:05 
Jordan Szwarz            1  1  2   0  2   4  4  2  0  0  0/1    15:21   4:23   0:00 
Lars Eller               0  0  0  -1  0   1  1  0  2  0  15/30  21:19   5:30   0:56 
Marek Zagrapan           0  2  2   2  0   4  1  0  1  0  1/5    12:21   0:03   0:00 
Mike Reilly              1  1  2   2  0   4  0  3  1  0  0/0    17:28   4:22   2:02 
Nick Spaling             0  0  0  -1  2   4  3  2  2  0  3/3    22:32   5:29   2:11 
Peter Holland            2  0  2   2  0   3  2  0  1  1  1/2     8:50   0:00   0:59 
Philip Larsen            0  1  1   2  0   0  0  2  0  0  0/0    15:07   0:00   0:00 
Sergey Tolchinsky        0  0  0   2  0   0  0  0  0  0  0/0     7:33   0:00   0:00 
Tyler Pitlick            1  0  1   2  0   4  3  0  0  0  1/1    12:30   0:02   0:00 
Viktor Loov              0  0  0   2  0   1  0  1  0  0  0/0    17:28   4:22   2:02 

Players Stats for Inferno

Player Name              G  A  P  +/- PIM S  H  SB GA TA FO     MP     PP MP  PK MP  
------------------------------------------------------------------------------------
Anders Lee               1  0  1   0  0   1  1  0  0  0  4/8    13:37   1:58   0:00 
Bryan Rust               0  0  0  -2  2   1  0  0  0  0  0/2    13:48   0:00   4:14 
Christian Folin          0  0  0  -3  2   2  0  3  0  2  0/0    19:26   3:10   2:07 
David Savard             0  1  1  -2  0   2  3  1  1  1  0/0    26:07   3:10   6:14 
Esa Lindell              0  1  1   0  0   2  0  4  0  1  0/0    15:26   1:27   1:03 
Greg Pateryn             0  0  0  -1  6   2  0  4  0  0  0/0    20:42   0:00   2:32 
Kyle Palmieri            0  0  0   0  0   1  1  0  1  0  1/1    14:37   2:39   0:00 
Mathieu Brodeur          0  0  0  -1  0   1  1  2  0  2  0/0    21:24   0:00   4:56 
Matt Kassian             0  0  0   0  0   1  1  1  1  1  0/0    14:37   0:00   2:39 
Matthew Nieto            1  0  1   0  0   5  1  0  0  0  1/1    13:38   1:58   1:50 
Oliver Bjorkstrand       1  1  2  -1  0   1  2  1  0  0  0/0    10:31   1:58   0:00 
Philip Varone            0  0  0  -1  0   3  3  1  0  0  6/9    12:13   0:00   2:40 
Ryan Spooner             0  0  0  -1  0   1  0  0  0  0  0/0     8:25   0:00   0:00 
Simon Danis-Pepin        0  1  1   0  0   1  0  2  0  0  0/0    17:22   1:27   2:58 
Tanner Pearson           0  0  0  -1  0   3  0  1  2  0  0/1    17:49   2:39   0:00 
Victor Rask              0  0  0  -1  0   2  0  0  0  0  1/2     8:25   0:00   0:00 
Vladimir Sobotka         0  1  1  -1  0   5  4  0  1  1  17/32  24:03   2:39   5:47 
Vladimir Zharkov         0  0  0  -1  0   5  2  0  1  0  0/2    17:50   0:00   2:40 

3 Stars

1 - Peter Holland (StJ)
2 - Mike Reilly (StJ)
3 - Tyler Pitlick (StJ)

Power Play

Staline - 0 on 5 Attempt(s) - 0.00%
Inferno - 1 on 3 Attempt(s) - 33.33%

Penalty Kill

Staline - 2 on 3 Attempt(s) - 66.67% - Score 0 goal in Penalty Kill
Inferno - 5 on 5 Attempt(s) - 100.00% - Score 1 goal in Penalty Kill

Team Stat

Staline - Hits : 22 - Faceoff Wins : 28 - Blocked Shots : 17 - Penalty Minutes : 6
Inferno - Hits : 19 - Faceoff Wins : 30 - Blocked Shots : 20 - Penalty Minutes : 10

Official

Referees : Unknown
Linesman : Unknown

Game Notes

Michael Hutchinson enters game at 10:40 of 2nd period

Finance

Level 1 -- Attendance: 1540 (77.00%) -- Ticket Income $61,600
Level 2 -- Attendance: 749 (74.90%) -- Ticket Income $14,980
Total Attendance: 2289 (76.30%)
Total Ticket Income: $76,580
Other Income: $3,829
Total Income: $80,409

Staline

5 vs 5 Forward 
   Center                   Left Wing                Right Wing               Time % Phy DF OF 
 1 Lars Eller               Nick Spaling             Jason Akeson             40     0   1  4  
 2 Corey Trivino            Bryan Bickell            Jordan Szwarz            30     0   2  3  
 3 Marek Zagrapan           Jiri Sekac               Tyler Pitlick            20     0   2  3  
 4 Peter Holland            Sergey Tolchinsky        Barclay Goodrow          10     1   3  1  

5 vs 5 Defense 
   Defense                  Defense                                           Time % Phy DF OF 
 1 Cameron Gaunce           Brian Dumoulin                                    40     0   3  2  
 2 Alex Petrovic            Philip Larsen                                     30     0   3  2  
 3 Viktor Loov              Mike Reilly                                       20     0   3  2  
 4 Cameron Gaunce           Alex Petrovic                                     10     0   3  2  

PowerPlay Forward 
   Center                   Left Wing                Right Wing               Time % Phy DF OF 
 1 Lars Eller               Nick Spaling             Jason Akeson             60     0   0  5  
 2 Corey Trivino            Bryan Bickell            Jordan Szwarz            40     0   0  5  

PowerPlay Defense
   Defense                  Defense                                           Time % Phy DF OF 
 1 Cameron Gaunce           Brian Dumoulin                                    60     0   1  4  
 2 Viktor Loov              Mike Reilly                                       40     0   1  4  

Penalty Kill 4 Players Forward 
   Center                   Wing                     Time % Phy DF OF 
 1 Corey Trivino            Nick Spaling             60     0   5  0  
 2 Lars Eller               Jason Akeson             40     0   5  0  

Penalty Kill 4 Players Defense
   Defense                  Defense                  Time % Phy DF OF 
 1 Cameron Gaunce           Alex Petrovic            60     0   5  0  
 2 Viktor Loov              Mike Reilly              40     0   5  0  

Penalty Kill - 3 Players Forward 
   Forward                                           Time % Phy DF OF 
 1 Peter Holland                                     60     0   5  0  
 2 Lars Eller                                        40     0   5  0  

Penalty Kill - 3 Players Defense
   Defense                  Defense                  Time % Phy DF OF 
 1 Cameron Gaunce           Alex Petrovic            60     0   5  0  
 2 Viktor Loov              Mike Reilly              40     0   5  0  

4 vs 4 Forward 
   Center                   Wing                     Time % Phy DF OF 
 1 Marek Zagrapan           Jordan Szwarz            60     0   2  3  
 2 Lars Eller               Jason Akeson             40     0   2  3  

4 vs 4 Defense
   Defense                  Defense                  Time % Phy DF OF 
 1 Cameron Gaunce           Alex Petrovic            60     0   2  3  
 2 Viktor Loov              Mike Reilly              40     0   2  3  

Last Minutes Offensive
   Center                   Left Wing                Right Wing               Defense                  Defense                  
   Lars Eller               Nick Spaling             Jason Akeson             Cameron Gaunce           Alex Petrovic            

Last Minutes Defensive
   Center                   Left Wing                Right Wing               Defense                  Defense                  
   Lars Eller               Nick Spaling             Jordan Szwarz            Cameron Gaunce           Alex Petrovic            

Goaltenders
Starting : Joni Ortio               
Backup : Andrew Hammond           

Extra Forwards
Normal : Jordan Szwarz, Marek Zagrapan, Jason Akeson - PP : Jordan Szwarz, Marek Zagrapan - PK : Nick Spaling
Extra Defensemen
Normal : Brian Dumoulin, Philip Larsen, Viktor Loov - PP : Brian Dumoulin - PK : Philip Larsen, Viktor Loov
Penalty Shots
Nick Spaling, Jordan Szwarz, Lars Eller, Jason Akeson, Bryan Bickell

Scratches
Tyler Lewington (Healthy), Tobias Lindberg (Healthy), Andrey Pedan (Healthy), Nikita Nesterov (Healthy), Charles Hudon (Healthy)
David Musil (Healthy), Danny Kristo (Left Hand Injury), Darcy Kuemper (Healthy)

Inferno

5 vs 5 Forward 
   Center                   Left Wing                Right Wing               Time % Phy DF OF 
 1 Vladimir Sobotka         Tanner Pearson           Vladimir Zharkov         40     1   2  2  
 2 Anders Lee               Matt Kassian             Kyle Palmieri            30     1   2  2  
 3 Philip Varone            Matthew Nieto            Bryan Rust               20     1   2  2  
 4 Victor Rask              Ryan Spooner             Oliver Bjorkstrand       10     1   2  2  

5 vs 5 Defense 
   Defense                  Defense                                           Time % Phy DF OF 
 1 Greg Pateryn             David Savard                                      40     1   2  2  
 2 Christian Folin          Mathieu Brodeur                                   30     1   2  2  
 3 Esa Lindell              Simon Danis-Pepin                                 20     1   2  2  
 4 Greg Pateryn             Mathieu Brodeur                                   10     1   2  2  

PowerPlay Forward 
   Center                   Left Wing                Right Wing               Time % Phy DF OF 
 1 Vladimir Sobotka         Tanner Pearson           Kyle Palmieri            60     1   2  2  
 2 Anders Lee               Matthew Nieto            Oliver Bjorkstrand       40     1   2  2  

PowerPlay Defense
   Defense                  Defense                                           Time % Phy DF OF 
 1 Christian Folin          David Savard                                      60     1   2  2  
 2 Esa Lindell              Simon Danis-Pepin                                 40     1   2  2  

Penalty Kill 4 Players Forward 
   Center                   Wing                     Time % Phy DF OF 
 1 Vladimir Sobotka         Bryan Rust               60     1   2  2  
 2 Philip Varone            Vladimir Zharkov         40     1   2  2  

Penalty Kill 4 Players Defense
   Defense                  Defense                  Time % Phy DF OF 
 1 Greg Pateryn             David Savard             60     1   2  2  
 2 Christian Folin          Mathieu Brodeur          40     1   2  2  

Penalty Kill - 3 Players Forward 
   Forward                                           Time % Phy DF OF 
 1 Vladimir Sobotka                                  60     1   2  2  
 2 Bryan Rust                                        40     1   2  2  

Penalty Kill - 3 Players Defense
   Defense                  Defense                  Time % Phy DF OF 
 1 Greg Pateryn             David Savard             60     1   2  2  
 2 Christian Folin          Mathieu Brodeur          40     1   2  2  

4 vs 4 Forward 
   Center                   Wing                     Time % Phy DF OF 
 1 Vladimir Sobotka         Vladimir Zharkov         60     1   2  2  
 2 Anders Lee               Kyle Palmieri            40     1   2  2  

4 vs 4 Defense
   Defense                  Defense                  Time % Phy DF OF 
 1 Greg Pateryn             David Savard             60     1   2  2  
 2 Christian Folin          Mathieu Brodeur          40     1   2  2  

Last Minutes Offensive
   Center                   Left Wing                Right Wing               Defense                  Defense                  
   Anders Lee               Tanner Pearson           Vladimir Zharkov         Greg Pateryn             David Savard             

Last Minutes Defensive
   Center                   Left Wing                Right Wing               Defense                  Defense                  
   Vladimir Sobotka         Tanner Pearson           Vladimir Zharkov         Greg Pateryn             David Savard             

Goaltenders
Starting : Christopher Gibson       
Backup : Michael Hutchinson       

Extra Forwards
Normal : Philip Varone, Matt Kassian, Matthew Nieto - PP : Ryan Spooner, Oliver Bjorkstrand - PK : Matt Kassian
Extra Defensemen
Normal : Christian Folin, Mathieu Brodeur, Esa Lindell - PP : Esa Lindell - PK : Mathieu Brodeur, Simon Danis-Pepin
Penalty Shots
Kyle Palmieri, Victor Rask, Philip Varone, Tanner Pearson, Oliver Bjorkstrand

Scratches
Chris Brown (Healthy), Frank Corrado (Healthy), Tyler Shattock (Healthy), Joakim Nordstrom (Healthy), Trevor Carrick (Healthy)
Petteri Lindbohm (Healthy), Daniil Tarasov (Healthy), Peter Cehlarik (Healthy), John Gilmour (Healthy), Branden Troock (Healthy)
Luca Sbisa (Healthy), Nathan Lieuwen (Healthy)

% Time on Ice - Staline

Lines # - Real PCT - Wanted PCT - Time Play
Normal Forward
1 - 35% - 40% - 16:00
2 - 23% - 30% - 10:16
3 - 26% - 20% - 11:39
4 - 17% - 10% - 7:33
Normal Defense
1 - 40% - 40% - 18:05
2 - 34% - 30% - 15:41
3 - 23% - 20% - 10:19
4 - 3% - 10% - 1:23
PP Forward
1 - 56% - 60% - 5:32
2 - 44% - 40% - 4:23
PP Defense
1 - 56% - 60% - 5:33
2 - 44% - 40% - 4:22
PK Forward
1 - 80% - 60% - 3:41
2 - 20% - 40% - 0:56
PK Defense
1 - 56% - 60% - 2:35
2 - 44% - 40% - 2:02
PK3 Forward
1 - 0% - 60%
2 - 0% - 40%
PK3 Defense
1 - 0% - 60%
2 - 0% - 40%
44 Forward
1 - 0% - 60%
2 - 0% - 40%
44 Defense
1 - 0% - 60%
2 - 0% - 40%
Last Minute Offensive  - 0:00
Last Minute Defensive  - 0:00
Total
Forward - 60:00
Defense - 60:00

% Time on Ice - Inferno

Lines # - Real PCT - Wanted PCT - Time Play
Normal Forward
1 - 36% - 40% - 16:12
2 - 26% - 30% - 11:44
3 - 20% - 20% - 9:07
4 - 19% - 10% - 8:25
Normal Defense
1 - 38% - 40% - 17:05
2 - 30% - 30% - 13:52
3 - 26% - 20% - 11:52
4 - 6% - 10% - 2:39
PP Forward
1 - 57% - 60% - 2:39
2 - 43% - 40% - 1:58
PP Defense
1 - 69% - 60% - 3:10
2 - 31% - 40% - 1:27
PK Forward
1 - 73% - 60% - 7:15
2 - 27% - 40% - 2:40
PK Defense
1 - 73% - 60% - 7:17
2 - 27% - 40% - 2:38
PK3 Forward
1 - 0% - 60%
2 - 0% - 40%
PK3 Defense
1 - 0% - 60%
2 - 0% - 40%
44 Forward
1 - 0% - 60%
2 - 0% - 40%
44 Defense
1 - 0% - 60%
2 - 0% - 40%
Last Minute Offensive  - 0:00
Last Minute Defensive  - 0:00
Total
Forward - 60:00
Defense - 60:00

Play-by-Play

1st period


0:01 of 1st period - Vladimir Sobotka wins face-off versus Lars Eller in neutral zone.
0:30 of 1st period - Snap shot by Bryan Bickell.
0:30 of 1st period - Shot Blocked by Greg Pateryn.
0:50 of 1st period - Snap shot by Anders Lee.
0:50 of 1st period - Shot Misses the Net.
0:52 of 1st period - Snap shot by Philip Varone.
0:52 of 1st period - Shot Misses the Net.
1:22 of 1st period - Slapshot by Victor Rask.
1:22 of 1st period - Stopped by Joni Ortio with a rebound.
1:42 of 1st period - Wrist shot by Lars Eller.
1:42 of 1st period - Shot Misses the Net.
1:44 of 1st period - Snap shot by Nick Spaling.
1:44 of 1st period - Shot Hit the Post.
2:36 of 1st period - Snap shot by Victor Rask.
2:36 of 1st period - Shot Misses the Net.
2:52 of 1st period - Wrist shot by Tanner Pearson.
2:52 of 1st period - Shot Blocked by Nick Spaling.
3:30 of 1st period - Icing by Bryan Bickell.
3:31 of 1st period - Anders Lee wins face-off versus Corey Trivino in Staline zone.
3:36 of 1st period - Snap shot by Vladimir Zharkov.
3:36 of 1st period - Shot Blocked by Jordan Szwarz.
3:38 of 1st period - Snap shot by Vladimir Zharkov.
3:38 of 1st period - Shot Misses the Net.
3:40 of 1st period - Slapshot by Vladimir Zharkov.
3:40 of 1st period - Shot Misses the Net.
3:42 of 1st period - Snap shot by Vladimir Sobotka.
3:42 of 1st period - Shot Misses the Net.
3:46 of 1st period - Wrist shot by Vladimir Zharkov.
3:46 of 1st period - Shot Blocked by Alex Petrovic.
3:48 of 1st period - Slapshot by Vladimir Sobotka.
3:48 of 1st period - Stopped by Joni Ortio without a rebound.
3:49 of 1st period - Anders Lee wins face-off versus Lars Eller in Staline zone.
3:54 of 1st period - Snap shot by Matt Kassian.
3:54 of 1st period - Shot Misses the Net.
4:37 of 1st period - Brian Dumoulin is hit by Philip Varone and loses puck.
4:46 of 1st period - Matthew Nieto is hit by Cameron Gaunce.
4:52 of 1st period - Jordan Szwarz is hit by Philip Varone and loses puck.
5:15 of 1st period - Kyle Palmieri is hit by Jordan Szwarz and loses puck.
5:20 of 1st period - Slapshot by Jordan Szwarz.
5:20 of 1st period - Shot Blocked by David Savard.
5:22 of 1st period - Snap shot by Bryan Bickell.
5:22 of 1st period - Stopped by Christopher Gibson without a rebound.
5:23 of 1st period - Vladimir Sobotka wins face-off versus Lars Eller in Inferno zone.
5:49 of 1st period - Simon Danis-Pepin is hit by Peter Holland and loses puck.
6:12 of 1st period - Wrist shot by Vladimir Zharkov.
6:12 of 1st period - Stopped by Joni Ortio with a rebound.
6:18 of 1st period - Snap shot by Vladimir Sobotka.
6:18 of 1st period - Shot Misses the Net.
6:38 of 1st period - Sergey Tolchinsky is hit by Mathieu Brodeur and loses puck.
6:43 of 1st period - Slapshot by Vladimir Zharkov.
6:43 of 1st period - Stopped by Joni Ortio with a rebound.
6:45 of 1st period - Slapshot by Greg Pateryn.
6:45 of 1st period - Shot Blocked by Viktor Loov.
6:47 of 1st period - Slapshot by Esa Lindell.
6:47 of 1st period - Shot Misses the Net.
6:49 of 1st period - Wrist shot by Esa Lindell.
6:49 of 1st period - Deflect By Tanner Pearson.
6:49 of 1st period - Stopped by Joni Ortio without a rebound.
6:50 of 1st period - Anders Lee wins face-off versus Jason Akeson in Staline zone.
7:07 of 1st period - Cameron Gaunce is hit by Matt Kassian and loses puck.
7:35 of 1st period - Wrist shot by Matthew Nieto.
7:35 of 1st period - Stopped by Joni Ortio without a rebound.
7:36 of 1st period - Corey Trivino wins face-off versus Victor Rask in Staline zone.
7:43 of 1st period - Snap shot by Corey Trivino.
7:43 of 1st period - Stopped by Christopher Gibson with a rebound.
8:15 of 1st period - Snap shot by Nick Spaling.
8:15 of 1st period - Shot Blocked by Greg Pateryn.
9:00 of 1st period - Snap shot by Marek Zagrapan.
9:00 of 1st period - Deflect By Christian Folin.
9:00 of 1st period - Stopped by Christopher Gibson with a rebound.
9:14 of 1st period - Snap shot by Jason Akeson.
9:14 of 1st period - Shot Misses the Net.
9:16 of 1st period - Snap shot by Nick Spaling.
9:16 of 1st period - Shot Misses the Net.
9:18 of 1st period - Slapshot by Mike Reilly.
9:18 of 1st period - Shot Misses the Net.
9:20 of 1st period - Snap shot by Lars Eller.
9:20 of 1st period - Shot Blocked by Christian Folin.
9:22 of 1st period - Slapshot by Lars Eller.
9:22 of 1st period - Shot Misses the Net.
9:58 of 1st period - Snap shot by Matthew Nieto.
9:58 of 1st period - Deflect By Bryan Rust.
9:58 of 1st period - Stopped by Joni Ortio with a rebound.
11:15 of 1st period - Snap shot by Philip Varone.
11:15 of 1st period - Stopped by Joni Ortio with a rebound.
11:39 of 1st period - Snap shot by Jordan Szwarz.
11:39 of 1st period - Goal by Jordan Szwarz - Staline : 1 - Inferno : 0.
11:40 of 1st period - Lars Eller wins face-off versus Vladimir Sobotka in neutral zone.
11:43 of 1st period - David Savard is hit by Jason Akeson and loses puck.
12:17 of 1st period - Snap shot by Vladimir Zharkov.
12:17 of 1st period - Stopped by Joni Ortio with a rebound.
12:29 of 1st period - Bryan Bickell is hit by Kyle Palmieri and loses puck.
12:36 of 1st period - Wrist shot by Kyle Palmieri.
12:36 of 1st period - Stopped by Joni Ortio with a rebound.
12:38 of 1st period - Snap shot by Kyle Palmieri.
12:38 of 1st period - Deflect By Anders Lee.
12:38 of 1st period - Shot Blocked by Philip Larsen.
12:38 of 1st period - Puck is out of play.
12:39 of 1st period - Philip Varone wins face-off versus Lars Eller in Staline zone.
13:06 of 1st period - Matt Kassian is hit by Jordan Szwarz and loses puck.
13:13 of 1st period - Slapshot by Jordan Szwarz.
13:13 of 1st period - Stopped by Christopher Gibson with a rebound.
13:25 of 1st period - Wrist shot by Victor Rask.
13:25 of 1st period - Deflect By Brian Dumoulin.
13:25 of 1st period - Shot Misses the Net.
13:25 of 1st period - Puck is out of play.
13:26 of 1st period - Victor Rask wins face-off versus Marek Zagrapan in Staline zone.
13:27 of 1st period - Slapshot by Ryan Spooner.
13:27 of 1st period - Shot Blocked by Cameron Gaunce.
13:33 of 1st period - Snap shot by Ryan Spooner.
13:33 of 1st period - Deflect By Cameron Gaunce.
13:33 of 1st period - Stopped by Joni Ortio with a rebound.
13:35 of 1st period - Snap shot by Ryan Spooner.
13:35 of 1st period - Shot Misses the Net.
13:37 of 1st period - Backhand shot by Victor Rask.
13:37 of 1st period - Stopped by Joni Ortio with a rebound.
13:39 of 1st period - Slapshot by Greg Pateryn.
13:39 of 1st period - Shot Misses the Net.
13:41 of 1st period - Snap shot by Victor Rask.
13:41 of 1st period - Shot Hit the Post.
13:57 of 1st period - Wrist shot by Vladimir Sobotka.
13:57 of 1st period - Stopped by Joni Ortio with a rebound.
13:59 of 1st period - Snap shot by Greg Pateryn.
13:59 of 1st period - Shot Blocked by Cameron Gaunce.
14:01 of 1st period - Snap shot by Tanner Pearson.
14:01 of 1st period - Stopped by Joni Ortio without a rebound.
14:02 of 1st period - Corey Trivino wins face-off versus Anders Lee in Staline zone.
14:09 of 1st period - Snap shot by Bryan Bickell.
14:09 of 1st period - Stopped by Christopher Gibson with a rebound.
15:09 of 1st period - Jiri Sekac is hit by Oliver Bjorkstrand and loses puck.
15:49 of 1st period - Icing by Jordan Szwarz.
15:50 of 1st period - Lars Eller wins face-off versus Vladimir Sobotka in Staline zone.
15:55 of 1st period - Snap shot by Lars Eller.
15:55 of 1st period - Stopped by Christopher Gibson with a rebound.
15:57 of 1st period - Wrist shot by Nick Spaling.
15:57 of 1st period - Shot Misses the Net.
15:59 of 1st period - Slapshot by Nick Spaling.
15:59 of 1st period - Stopped by Christopher Gibson without a rebound.
16:00 of 1st period - Vladimir Sobotka wins face-off versus Jason Akeson in Inferno zone.
16:28 of 1st period - Wrist shot by Anders Lee.
16:28 of 1st period - Shot Misses the Net.
16:30 of 1st period - Snap shot by Kyle Palmieri.
16:30 of 1st period - Shot Blocked by Cameron Gaunce.
16:50 of 1st period - Wrist shot by Tyler Pitlick.
16:50 of 1st period - Stopped by Christopher Gibson without a rebound.
16:51 of 1st period - Marek Zagrapan wins face-off versus Vladimir Sobotka in Inferno zone.
17:02 of 1st period - Snap shot by Tyler Pitlick.
17:02 of 1st period - Goal by Tyler Pitlick - Staline : 2 - Inferno : 0.
17:03 of 1st period - Lars Eller wins face-off versus Vladimir Sobotka in neutral zone.
17:06 of 1st period - Snap shot by Nick Spaling.
17:06 of 1st period - Stopped by Christopher Gibson without a rebound.
17:07 of 1st period - Vladimir Sobotka wins face-off versus Lars Eller in Inferno zone.
17:30 of 1st period - Minor Penalty to Greg Pateryn for Interference.
17:31 of 1st period - Vladimir Sobotka wins face-off versus Lars Eller in Inferno zone.
17:31 of 1st period - Vladimir Sobotka is hit by Jason Akeson.
19:30 of 1st period - Penalty to Greg Pateryn is over, Greg Pateryn is back on ice.
19:45 of 1st period - Victor Rask is hit by Tyler Pitlick and loses puck.
Goals for this period are 2 for Staline vs 0 for Inferno.
Shots for this period are 11 for Staline vs 14 for Inferno.

2nd period


0:01 of 2nd period - Lars Eller wins face-off versus Vladimir Sobotka in neutral zone.
0:07 of 2nd period - Minor Penalty to Greg Pateryn for Tripping.
0:08 of 2nd period - Vladimir Sobotka wins face-off versus Lars Eller in Inferno zone.
0:16 of 2nd period - Vladimir Sobotka is hit by Nick Spaling and loses puck.
1:07 of 2nd period - David Savard is hit by Jordan Szwarz and loses puck.
2:07 of 2nd period - Penalty to Greg Pateryn is over, Greg Pateryn is back on ice.
2:37 of 2nd period - Mathieu Brodeur is hit by Barclay Goodrow and loses puck.
3:08 of 2nd period - Viktor Loov is hit by Vladimir Sobotka and loses puck.
3:37 of 2nd period - Slapshot by David Savard.
3:37 of 2nd period - Shot Misses the Net.
3:53 of 2nd period - Snap shot by Peter Holland.
3:53 of 2nd period - Goal by Peter Holland - Staline : 3 - Inferno : 0.
3:54 of 2nd period - Lars Eller wins face-off versus Vladimir Sobotka in neutral zone.
3:59 of 2nd period - Snap shot by Jason Akeson.
3:59 of 2nd period - Shot Misses the Net.
4:04 of 2nd period - David Savard is hit by Cameron Gaunce and loses puck.
4:28 of 2nd period - Snap shot by Corey Trivino.
4:28 of 2nd period - Shot Misses the Net.
4:30 of 2nd period - Wrist shot by Corey Trivino.
4:30 of 2nd period - Shot Blocked by Mathieu Brodeur.
4:32 of 2nd period - Wrist shot by Corey Trivino.
4:32 of 2nd period - Stopped by Christopher Gibson with a rebound.
4:34 of 2nd period - Wrist shot by Corey Trivino.
4:34 of 2nd period - Shot Misses the Net.
4:57 of 2nd period - Icing by Christian Folin.
4:58 of 2nd period - Lars Eller wins face-off versus Anders Lee in Inferno zone.
5:20 of 2nd period - Icing by Christian Folin.
5:21 of 2nd period - Vladimir Sobotka wins face-off versus Corey Trivino in Inferno zone.
5:36 of 2nd period - Slapshot by Vladimir Zharkov.
5:36 of 2nd period - Stopped by Joni Ortio with a rebound.
5:38 of 2nd period - Snap shot by Vladimir Zharkov.
5:38 of 2nd period - Stopped by Joni Ortio with a rebound.
6:07 of 2nd period - Jason Akeson is hit by Oliver Bjorkstrand and loses puck.
6:28 of 2nd period - Wrist shot by Vladimir Sobotka.
6:28 of 2nd period - Stopped by Joni Ortio with a rebound.
6:42 of 2nd period - Slapshot by Esa Lindell.
6:42 of 2nd period - Stopped by Joni Ortio with a rebound.
6:44 of 2nd period - Snap shot by Bryan Rust.
6:44 of 2nd period - Shot Misses the Net.
7:04 of 2nd period - Snap shot by Corey Trivino.
7:04 of 2nd period - Shot Misses the Net.
7:28 of 2nd period - Off-side.
7:29 of 2nd period - Vladimir Sobotka wins face-off versus Peter Holland in neutral zone.
7:38 of 2nd period - Wrist shot by Vladimir Sobotka.
7:38 of 2nd period - Shot Blocked by Alex Petrovic.
8:14 of 2nd period - Minor Penalty to Christian Folin for Slashing.
8:15 of 2nd period - Vladimir Sobotka wins face-off versus Lars Eller in Inferno zone.
8:48 of 2nd period - Brian Dumoulin is hit by David Savard and loses puck.
9:29 of 2nd period - Corey Trivino is hit by Vladimir Zharkov and loses puck.
10:14 of 2nd period - Penalty to Christian Folin is over, Christian Folin is back on ice.
10:40 of 2nd period - Snap shot by Peter Holland.
10:40 of 2nd period - Goal by Peter Holland - Staline : 4 - Inferno : 0.
10:40 of 2nd period - Michael Hutchinson enters game.
10:41 of 2nd period - Lars Eller wins face-off versus Anders Lee in neutral zone.
11:13 of 2nd period - Slapshot by Christian Folin.
11:13 of 2nd period - Stopped by Joni Ortio with a rebound.
11:15 of 2nd period - Slapshot by Mathieu Brodeur.
11:15 of 2nd period - Shot Blocked by Jordan Szwarz.
11:40 of 2nd period - Off-side.
11:41 of 2nd period - Philip Varone wins face-off versus Barclay Goodrow in neutral zone.
11:43 of 2nd period - Minor Penalty to Bryan Rust for Tripping.
11:44 of 2nd period - Vladimir Sobotka wins face-off versus Lars Eller in Inferno zone.
11:56 of 2nd period - Backhand shot by Greg Pateryn.
11:56 of 2nd period - Stopped by Joni Ortio without a rebound.
11:57 of 2nd period - Vladimir Sobotka wins face-off versus Lars Eller in Staline zone.
12:21 of 2nd period - Lars Eller is hit by Vladimir Sobotka.
12:32 of 2nd period - Off-side.
12:33 of 2nd period - Vladimir Sobotka wins face-off versus Corey Trivino in neutral zone.
12:38 of 2nd period - Snap shot by Matthew Nieto.
12:38 of 2nd period - Goal by Matthew Nieto - Staline : 4 - Inferno : 1.
12:39 of 2nd period - Lars Eller wins face-off versus Vladimir Sobotka in neutral zone.
12:42 of 2nd period - Matt Kassian is hit by Nick Spaling and loses puck.
13:05 of 2nd period - Vladimir Sobotka is hit by Jordan Szwarz and loses puck.
13:12 of 2nd period - Snap shot by Corey Trivino.
13:12 of 2nd period - Stopped by Michael Hutchinson without a rebound.
13:13 of 2nd period - Nick Spaling wins face-off versus Vladimir Sobotka in Inferno zone.
13:40 of 2nd period - Snap shot by Bryan Bickell.
13:40 of 2nd period - Shot Blocked by Philip Varone.
13:43 of 2nd period - Penalty to Bryan Rust is over, Bryan Rust is back on ice.
14:06 of 2nd period - Slapshot by Cameron Gaunce.
14:06 of 2nd period - Shot Misses the Net.
14:08 of 2nd period - Slapshot by Cameron Gaunce.
14:08 of 2nd period - Shot Blocked by Greg Pateryn.
15:12 of 2nd period - Slapshot by Matthew Nieto.
15:12 of 2nd period - Shot Blocked by Philip Larsen.
15:53 of 2nd period - Wrist shot by Ryan Spooner.
15:53 of 2nd period - Shot Blocked by Mike Reilly.
15:55 of 2nd period - Slapshot by Christian Folin.
15:55 of 2nd period - Shot Blocked by Mike Reilly.
15:57 of 2nd period - Slapshot by Christian Folin.
15:57 of 2nd period - Stopped by Joni Ortio with a rebound.
16:09 of 2nd period - Snap shot by Vladimir Sobotka.
16:09 of 2nd period - Shot Blocked by Mike Reilly.
16:17 of 2nd period - Snap shot by Marek Zagrapan.
16:17 of 2nd period - Shot Misses the Net.
16:57 of 2nd period - Slapshot by Philip Larsen.
16:57 of 2nd period - Deflect By Sergey Tolchinsky.
16:57 of 2nd period - Shot Misses the Net.
16:57 of 2nd period - Puck is out of play.
16:58 of 2nd period - Nick Spaling wins face-off versus Vladimir Sobotka in Inferno zone.
17:05 of 2nd period - Philip Larsen is hit by Vladimir Zharkov.
17:29 of 2nd period - Slapshot by Corey Trivino.
17:29 of 2nd period - Stopped by Michael Hutchinson with a rebound.
17:31 of 2nd period - Slapshot by Jordan Szwarz.
17:31 of 2nd period - Shot Misses the Net.
17:33 of 2nd period - Snap shot by Jordan Szwarz.
17:33 of 2nd period - Stopped by Michael Hutchinson with a rebound.
17:35 of 2nd period - Wrist shot by Corey Trivino.
17:35 of 2nd period - Shot Blocked by Matt Kassian.
17:37 of 2nd period - Slapshot by Cameron Gaunce.
17:37 of 2nd period - Stopped by Michael Hutchinson with a rebound.
17:54 of 2nd period - Slapshot by Kyle Palmieri.
17:54 of 2nd period - Shot Misses the Net.
18:13 of 2nd period - Backhand shot by Kyle Palmieri.
18:13 of 2nd period - Shot Misses the Net.
18:38 of 2nd period - Vladimir Sobotka is hit by Nick Spaling.
19:45 of 2nd period - Snap shot by Marek Zagrapan.
19:45 of 2nd period - Stopped by Michael Hutchinson with a rebound.
19:47 of 2nd period - Slapshot by Alex Petrovic.
19:47 of 2nd period - Deflect By Mathieu Brodeur.
19:47 of 2nd period - Stopped by Michael Hutchinson with a rebound.
Goals for this period are 2 for Staline vs 1 for Inferno.
Shots for this period are 9 for Staline vs 8 for Inferno.

3rd period


0:01 of 3rd period - Vladimir Sobotka wins face-off versus Lars Eller in neutral zone.
0:06 of 3rd period - Slapshot by David Savard.
0:06 of 3rd period - Stopped by Joni Ortio with a rebound.
0:08 of 3rd period - Snap shot by Tanner Pearson.
0:08 of 3rd period - Shot Misses the Net.
0:50 of 3rd period - Marek Zagrapan is hit by Philip Varone and loses puck.
1:18 of 3rd period - Icing by Philip Larsen.
1:19 of 3rd period - Peter Holland wins face-off versus Vladimir Zharkov in Staline zone.
1:19 of 3rd period - Peter Holland is hit by Vladimir Sobotka.
1:33 of 3rd period - Slapshot by Alex Petrovic.
1:33 of 3rd period - Shot Misses the Net.
1:35 of 3rd period - Slapshot by Philip Larsen.
1:35 of 3rd period - Shot Blocked by Christian Folin.
1:43 of 3rd period - Slapshot by Peter Holland.
1:43 of 3rd period - Shot Blocked by Christian Folin.
1:56 of 3rd period - Sergey Tolchinsky is hit by Vladimir Sobotka and loses puck.
2:07 of 3rd period - Snap shot by Peter Holland.
2:07 of 3rd period - Stopped by Michael Hutchinson without a rebound.
2:08 of 3rd period - Lars Eller wins face-off versus Anders Lee in Inferno zone.
2:20 of 3rd period - Slapshot by Simon Danis-Pepin.
2:20 of 3rd period - Shot Misses the Net.
2:22 of 3rd period - Slapshot by Simon Danis-Pepin.
2:22 of 3rd period - Shot Misses the Net.
2:30 of 3rd period - Minor Penalty to Nick Spaling for Roughing.
2:31 of 3rd period - Vladimir Sobotka wins face-off versus Corey Trivino in Staline zone.
3:07 of 3rd period - Slapshot by David Savard.
3:07 of 3rd period - Shot Misses the Net.
3:09 of 3rd period - Wrist shot by Anders Lee.
3:09 of 3rd period - Goal by Anders Lee - Staline : 4 - Inferno : 2.
3:10 of 3rd period - Vladimir Sobotka wins face-off versus Lars Eller in neutral zone.
3:17 of 3rd period - Wrist shot by Vladimir Sobotka.
3:17 of 3rd period - Stopped by Joni Ortio without a rebound.
3:18 of 3rd period - Nick Spaling wins face-off versus Tanner Pearson in Staline zone.
3:32 of 3rd period - Slapshot by Greg Pateryn.
3:32 of 3rd period - Stopped by Joni Ortio without a rebound.
3:33 of 3rd period - Kyle Palmieri wins face-off versus Jordan Szwarz in Staline zone.
3:35 of 3rd period - Minor Penalty to Jordan Szwarz for Holding.
3:36 of 3rd period - Corey Trivino wins face-off versus Vladimir Sobotka in Staline zone.
3:48 of 3rd period - Slapshot by Christian Folin.
3:48 of 3rd period - Deflect By Vladimir Sobotka.
3:48 of 3rd period - Stopped by Joni Ortio without a rebound.
3:49 of 3rd period - Corey Trivino wins face-off versus Vladimir Sobotka in Staline zone.
3:58 of 3rd period - Snap shot by Christian Folin.
3:58 of 3rd period - Shot Blocked by Nick Spaling.
4:00 of 3rd period - Snap shot by Vladimir Sobotka.
4:00 of 3rd period - Shot Blocked by Alex Petrovic.
4:02 of 3rd period - Wrist shot by Vladimir Sobotka.
4:02 of 3rd period - Shot Misses the Net.
5:04 of 3rd period - Nick Spaling is hit by Anders Lee and loses puck.
5:35 of 3rd period - Penalty to Jordan Szwarz is over, Jordan Szwarz is back on ice.
5:58 of 3rd period - Backhand shot by Marek Zagrapan.
5:58 of 3rd period - Shot Blocked by Simon Danis-Pepin.
6:19 of 3rd period - Minor Penalty to Greg Pateryn for High sticking.
6:20 of 3rd period - Lars Eller wins face-off versus Vladimir Sobotka in Inferno zone.
6:47 of 3rd period - Vladimir Sobotka is hit by Brian Dumoulin and loses puck.
7:00 of 3rd period - Vladimir Sobotka is hit by Lars Eller and loses puck.
7:14 of 3rd period - Icing by Jordan Szwarz.
7:15 of 3rd period - Corey Trivino wins face-off versus Vladimir Zharkov in Staline zone.
8:19 of 3rd period - Penalty to Greg Pateryn is over, Greg Pateryn is back on ice.
8:26 of 3rd period - Wrist shot by Mathieu Brodeur.
8:26 of 3rd period - Deflect By Tyler Pitlick.
8:26 of 3rd period - Stopped by Joni Ortio with a rebound.
9:06 of 3rd period - Simon Danis-Pepin is hit by Bryan Bickell and loses puck.
9:28 of 3rd period - Snap shot by Vladimir Zharkov.
9:28 of 3rd period - Shot Misses the Net.
9:34 of 3rd period - Esa Lindell is hit by Marek Zagrapan and loses puck.
9:47 of 3rd period - Slapshot by Esa Lindell.
9:47 of 3rd period - Stopped by Joni Ortio with a rebound.
9:49 of 3rd period - Snap shot by Oliver Bjorkstrand.
9:49 of 3rd period - Goal by Oliver Bjorkstrand - Staline : 4 - Inferno : 3.
9:50 of 3rd period - Lars Eller wins face-off versus Vladimir Sobotka in neutral zone.
9:55 of 3rd period - Snap shot by Nick Spaling.
9:55 of 3rd period - Shot Blocked by Tanner Pearson.
9:57 of 3rd period - Slapshot by Lars Eller.
9:57 of 3rd period - Shot Blocked by Greg Pateryn.
9:59 of 3rd period - Backhand shot by Jason Akeson.
9:59 of 3rd period - Shot Misses the Net.
10:01 of 3rd period - Slapshot by Mike Reilly.
10:01 of 3rd period - Stopped by Michael Hutchinson without a rebound.
10:02 of 3rd period - Lars Eller wins face-off versus Vladimir Sobotka in Inferno zone.
10:13 of 3rd period - Slapshot by Jason Akeson.
10:13 of 3rd period - Stopped by Michael Hutchinson without a rebound.
10:14 of 3rd period - Vladimir Sobotka wins face-off versus Jason Akeson in Inferno zone.
10:32 of 3rd period - Minor Penalty to Brian Dumoulin for Hooking.
10:33 of 3rd period - Corey Trivino wins face-off versus Vladimir Sobotka in Staline zone.
11:04 of 3rd period - Nick Spaling is hit by Matthew Nieto and loses puck.
11:54 of 3rd period - Snap shot by Jason Akeson.
11:54 of 3rd period - Shot Misses the Net.
12:31 of 3rd period - Esa Lindell is hit by Peter Holland and loses puck.
12:32 of 3rd period - Penalty to Brian Dumoulin is over, Brian Dumoulin is back on ice.
12:36 of 3rd period - Snap shot by Jordan Szwarz.
12:36 of 3rd period - Stopped by Michael Hutchinson without a rebound.
12:37 of 3rd period - Anders Lee wins face-off versus Marek Zagrapan in Inferno zone.
12:43 of 3rd period - Off-side.
12:44 of 3rd period - Tyler Pitlick wins face-off versus Philip Varone in neutral zone.
13:27 of 3rd period - Snap shot by Tyler Pitlick.
13:27 of 3rd period - Stopped by Michael Hutchinson with a rebound.
13:29 of 3rd period - Snap shot by Jiri Sekac.
13:29 of 3rd period - Shot Blocked by Esa Lindell.
13:31 of 3rd period - Slapshot by Viktor Loov.
13:31 of 3rd period - Shot Misses the Net.
13:33 of 3rd period - Snap shot by Marek Zagrapan.
13:33 of 3rd period - Stopped by Michael Hutchinson with a rebound.
13:37 of 3rd period - Snap shot by Marek Zagrapan.
13:37 of 3rd period - Shot Misses the Net.
13:39 of 3rd period - Slapshot by Viktor Loov.
13:39 of 3rd period - Shot Misses the Net.
13:50 of 3rd period - Esa Lindell is hit by Tyler Pitlick and loses puck.
13:57 of 3rd period - Ryan Spooner is hit by Tyler Pitlick and loses puck.
14:10 of 3rd period - Slapshot by Marek Zagrapan.
14:10 of 3rd period - Shot Blocked by Esa Lindell.
14:12 of 3rd period - Slapshot by Mike Reilly.
14:12 of 3rd period - Shot Blocked by Esa Lindell.
14:14 of 3rd period - Wrist shot by Tyler Pitlick.
14:14 of 3rd period - Shot Blocked by Esa Lindell.
14:32 of 3rd period - Wrist shot by Tyler Pitlick.
14:32 of 3rd period - Stopped by Michael Hutchinson with a rebound.
14:34 of 3rd period - Slapshot by Viktor Loov.
14:34 of 3rd period - Stopped by Michael Hutchinson with a rebound.
14:50 of 3rd period - Snap shot by Tyler Pitlick.
14:50 of 3rd period - Shot Misses the Net.
14:52 of 3rd period - Snap shot by Jiri Sekac.
14:52 of 3rd period - Shot Misses the Net.
14:54 of 3rd period - Slapshot by Mike Reilly.
14:54 of 3rd period - Stopped by Michael Hutchinson with a rebound.
14:56 of 3rd period - Slapshot by Marek Zagrapan.
14:56 of 3rd period - Stopped by Michael Hutchinson with a rebound.
14:58 of 3rd period - Wrist shot by Marek Zagrapan.
14:58 of 3rd period - Shot Misses the Net.
15:00 of 3rd period - Snap shot by Mike Reilly.
15:00 of 3rd period - Stopped by Michael Hutchinson with a rebound.
15:02 of 3rd period - Slapshot by Mike Reilly.
15:02 of 3rd period - Shot Blocked by Simon Danis-Pepin.
15:04 of 3rd period - Slapshot by Marek Zagrapan.
15:04 of 3rd period - Shot Misses the Net.
15:06 of 3rd period - Slapshot by Mike Reilly.
15:06 of 3rd period - Shot Blocked by Oliver Bjorkstrand.
15:08 of 3rd period - Snap shot by Mike Reilly.
15:08 of 3rd period - Goal by Mike Reilly - Staline : 5 - Inferno : 3.
15:09 of 3rd period - Matthew Nieto wins face-off versus Lars Eller in neutral zone.
15:34 of 3rd period - Nick Spaling is hit by David Savard and loses puck.
15:45 of 3rd period - Snap shot by Kyle Palmieri.
15:45 of 3rd period - Deflect By Matt Kassian.
15:45 of 3rd period - Stopped by Joni Ortio without a rebound.
15:46 of 3rd period - Philip Varone wins face-off versus Corey Trivino in Staline zone.
15:49 of 3rd period - Snap shot by Philip Varone.
15:49 of 3rd period - Stopped by Joni Ortio with a rebound.
15:51 of 3rd period - Slapshot by Mathieu Brodeur.
15:51 of 3rd period - Shot Misses the Net.
15:53 of 3rd period - Wrist shot by Matthew Nieto.
15:53 of 3rd period - Stopped by Joni Ortio without a rebound.
15:54 of 3rd period - Corey Trivino wins face-off versus Bryan Rust in Staline zone.
16:09 of 3rd period - Wrist shot by Philip Varone.
16:09 of 3rd period - Stopped by Joni Ortio without a rebound.
16:10 of 3rd period - Vladimir Sobotka wins face-off versus Lars Eller in Staline zone.
16:19 of 3rd period - Slapshot by David Savard.
16:19 of 3rd period - Shot Misses the Net.
16:21 of 3rd period - Backhand shot by David Savard.
16:21 of 3rd period - Shot Blocked by Cameron Gaunce.
16:23 of 3rd period - Snap shot by David Savard.
16:23 of 3rd period - Deflect By Tanner Pearson.
16:23 of 3rd period - Stopped by Joni Ortio without a rebound.
16:24 of 3rd period - Lars Eller wins face-off versus Philip Varone in Staline zone.
16:33 of 3rd period - Snap shot by Philip Varone.
16:33 of 3rd period - Shot Misses the Net.
16:35 of 3rd period - Slapshot by David Savard.
16:35 of 3rd period - Stopped by Joni Ortio without a rebound.
16:36 of 3rd period - Lars Eller wins face-off versus Bryan Rust in Staline zone.
16:41 of 3rd period - Snap shot by Lars Eller.
16:41 of 3rd period - Shot Misses the Net.
16:43 of 3rd period - Snap shot by Jason Akeson.
16:43 of 3rd period - Stopped by Michael Hutchinson without a rebound.
16:44 of 3rd period - Lars Eller wins face-off versus Philip Varone in Inferno zone.
16:45 of 3rd period - Snap shot by Nick Spaling.
16:45 of 3rd period - Stopped by Michael Hutchinson with a rebound.
16:47 of 3rd period - Wrist shot by Nick Spaling.
16:47 of 3rd period - Stopped by Michael Hutchinson with a rebound.
17:15 of 3rd period - Brian Dumoulin is hit by David Savard and loses puck.
17:32 of 3rd period - Slapshot by Cameron Gaunce.
17:32 of 3rd period - Stopped by Michael Hutchinson with a rebound.
17:34 of 3rd period - Wrist shot by Bryan Bickell.
17:34 of 3rd period - Shot Blocked by Mathieu Brodeur.
17:36 of 3rd period - Slapshot by Cameron Gaunce.
17:36 of 3rd period - Shot Misses the Net.
17:40 of 3rd period - Slapshot by Bryan Bickell.
17:40 of 3rd period - Shot Misses the Net.
17:42 of 3rd period - Snap shot by Corey Trivino.
17:42 of 3rd period - Stopped by Michael Hutchinson with a rebound.
18:01 of 3rd period - Icing by Philip Larsen.
18:02 of 3rd period - Philip Varone wins face-off versus Lars Eller in Staline zone.
18:03 of 3rd period - Snap shot by Bryan Rust.
18:03 of 3rd period - Shot Misses the Net.
18:05 of 3rd period - Slapshot by Simon Danis-Pepin.
18:05 of 3rd period - Stopped by Joni Ortio without a rebound.
18:06 of 3rd period - Philip Varone wins face-off versus Marek Zagrapan in Staline zone.
18:07 of 3rd period - Slapshot by Matthew Nieto.
18:07 of 3rd period - Stopped by Joni Ortio with a rebound.
18:11 of 3rd period - Snap shot by Matthew Nieto.
18:11 of 3rd period - Stopped by Joni Ortio without a rebound.
18:12 of 3rd period - Philip Varone wins face-off versus Marek Zagrapan in Staline zone.
18:13 of 3rd period - Wrist shot by Matthew Nieto.
18:13 of 3rd period - Shot Misses the Net.
18:15 of 3rd period - Snap shot by Matthew Nieto.
18:15 of 3rd period - Shot Misses the Net.
18:17 of 3rd period - Snap shot by David Savard.
18:17 of 3rd period - Shot Misses the Net.
19:39 of 3rd period - Kyle Palmieri is hit by Bryan Bickell and loses puck.
Goals for this period are 1 for Staline vs 2 for Inferno.
Shots for this period are 17 for Staline vs 17 for Inferno.